 Dungeon Crawl Stone Soup version 0.28-a0-683-ga8797d1ae1 (webtiles) character file.

Game seed: 13551973760467754114

46 mordus the Shield-Bearer (level 3, -1/29 HPs)
             Began as a Formicid Fighter on Oct 18, 2021.
             Slain by Crazy Yiuf (5 damage)
             ... on level 2 of the Dungeon.
             The game lasted 00:02:17 (1793 turns).

mordus the Shield-Bearer (Formicid Fighter)         Turns: 1793, Time: 00:02:18

Health: -1/29      AC:  9    Str: 21    XL:     3   Next: 95%
Magic:  3/3        EV:  9    Int:  7    God:
Gold:   120        SH:  4    Dex: 10    Spells: 2/2 levels left

rFire   . . .      SeeInvis +   a - +0 flail
rCold   . . .      Faith    .   c - +0 buckler
rNeg    . . .      Spirit   .   b - +0 scale mail
rPois   .          Reflect  .   (helmet unavailable)
rElec   .          Harm     .   (no cloak)
rCorr   .          Rampage  .   (no gloves)
Will    .....                   f - +1 pair of boots
Stlth   ..........              (no amulet)
HPRegen 0.09/turn               (no ring)
MPRegen 0.08/turn               (no ring)

@: lethally poisoned (-1 -> -10), very slightly contaminated, invisible
A: permanent stasis, dig shafts and tunnels, antennae 3, four strong arms
a: Dig, Shaft Self


You were on level 2 of the Dungeon.
You visited 1 branch of the dungeon, and saw 2 of its levels.

You collected 120 gold pieces.

Inventory:

Hand Weapons
 a - a +0 flail (weapon)
Armour
 b - a +0 scale mail (worn)
 c - a +0 buckler (worn)
 f - a +1 pair of boots (worn)
Scrolls
 e - 2 scrolls of teleportation {unknown}
 h - a scroll of magic mapping {unknown}
 i - 2 scrolls of identify {unknown}
 k - a scroll of enchant weapon {unknown}
 l - 2 scrolls of holy word {unknown}
 m - a scroll of blinking {unknown}
Potions
 d - a potion of might
 g - a potion of brilliance {unknown}
 j - 3 potions of curing {unknown}


   Skills:
 - Level 3.2 Fighting
 * Level 3.1 Maces & Flails
 + Level 3.8 Armour
 + Level 4.1 Shields


You had 2 spell levels left.
You didn't know any spells.
Your spell library contained the following spells:

 Spells                   Type           Power      Damage    Failure   Level
 Corpse Rot               Necr/Air       0%         N/A       88%         2
 Poisonous Vapours        Pois/Air       0%         N/A       88%         2


Dungeon Overview and Level Annotations

Branches:
Dungeon (2/15)

Altars:

Annotations:
D:2 Crazy Yiuf


Innate Abilities, Weirdness & Mutations

You cannot be hasted, slowed, berserked, paralysed or teleported.
You can dig through walls and to a lower floor.
You have a pair of large antennae on your head. (SInv)
Your four strong arms can wield two-handed weapons with a shield.


Message History

No reachable target in view!
No reachable target in view!
You see here a +0 mace.
You see here a +0 mace.
You open the door. You hit Crazy Yiuf.
Crazy Yiuf is lightly wounded.
Crazy Yiuf hits you with a +2 quarterstaff of chaos.
You are slowing down.
Crazy Yiuf hits you with a +2 quarterstaff of chaos.
Crazy Yiuf freezes you.
You hit Crazy Yiuf.
Crazy Yiuf is heavily wounded.
Crazy Yiuf barely misses you.
You have turned to stone.
Crazy Yiuf hits you with a +2 quarterstaff of chaos!
Crazy Yiuf hits you with a +2 quarterstaff of chaos.
Crazy Yiuf burns you.
Crazy Yiuf hits you with a +2 quarterstaff of chaos!
Your stasis prevents you from being hasted.
Crazy Yiuf barely misses you.
Crazy Yiuf hits you with a +2 quarterstaff of chaos.
Crazy Yiuf freezes you.
Crazy Yiuf flaps his cloak.
Crazy Yiuf hits you with a +2 quarterstaff of chaos.
You fade into invisibility!
You are very lightly contaminated with residual magic.
Crazy Yiuf cries, "Cards!"
Crazy Yiuf hits you with a +2 quarterstaff of chaos.
* * * LOW HITPOINT WARNING * * *
Crazy Yiuf freezes you.
Crazy Yiuf hits you with a +2 quarterstaff of chaos!
* * * LOW HITPOINT WARNING * * *
Crazy Yiuf hits you but does no damage.
You turn to flesh and can move again.
You hit Crazy Yiuf.
Crazy Yiuf is severely wounded.
Crazy Yiuf hits you but does no damage.
You are lethally poisoned!
Crazy Yiuf hits you with a +2 quarterstaff of chaos.
You die...

......#........#
#.......##...#
...........#####
###..........#
......######
#######....#
...##......#
#####
#..........#
...##......#
#).)#
#######.#..#
...##......#
#...# #.#...
...##......# ..)
#######.##.#
...##......# #g#
#.......##.#
...##......#
♣@♣♣
##########.#
...##......#
♣♣.♣ #.#
...##......#
♣)♣♣
##########.#
...##......#
♣♣.♣
#..........#
#.###......#
♣♣.♣♣
############
#.##########
♣♣...♣ .......<#
♣....♣ ..#######
##..## ...#
#....#


You could see Crazy Yiuf.

Vanquished Creatures
  An adder (D:2)
  A worm (D:2)
  9 bats
  2 endoplasms
  2 giant cockroaches (D:2)
  3 goblins
  4 hobgoblins
  2 jackals (D:2)
  A quokka (D:2)
  A ball python (D:1)
  A frilled lizard (D:2)
  A kobold (D:1)
  3 rats
31 creatures vanquished.

Notes
Turn   | Place    | Note
-------+----------+-------------------------------------------
     0 | D:1      | mordus the Formicid Fighter began the quest for the Orb.
     0 | D:1      | Reached XP level 1. HP: 18/18 MP: 1/1
   376 | D:1      | Reached XP level 2. HP: 24/24 MP: 2/2
   810 | D:2      | Reached XP level 3. HP: 29/29 MP: 3/3
   811 | D:2      | Reached skill level 4 in Shields
  1284 | D:2      | Found a runed translucent door.
  1285 | D:2      | Noticed Crazy Yiuf
  1793 | D:2      | Slain by Crazy Yiuf

Illustrated notes

Levels and vault maps discovered:
D:1:      mrwooster_arrival_statue_2, layout_rooms, minmay_pentomino_s2
D:2:      layout_basic, kennysheep_nub, minmay_misc_feat_four_crosses,
          uniq_crazy_yiuf_cottage

Skill      XL: |  1  2  3 |
---------------+----------+-----
Shields        | 4 |  4.1
Maces & Flails | 3 |  3.1
Fighting       | |  3.2
Armour         | |  3.8

Action                   || total
-------------------------++-------
Melee: Flail             ||   112
Armor: Scale mail        ||    79
Dodge: Dodged            ||    78
Block: Buckler           ||    26

Table legend: (Time is in decaauts)
 A = Elapsed time spent in this place.
 B = Non-inter-level travel time spent in this place.
 C = Inter-level travel time spent in this place.
 D = Time resting spent in this place.
 E = Time spent auto-exploring this place.
 F = Levels seen in this place.
 G = Mean time per level.
                   A        B        C        D        E       F      G
               +--------+--------+--------+--------+--------+-----+--------+
         Total |   1824 |   1769 |     55 |      0 |   1466 |   2 |  912.0 |
       Dungeon |   1824 |   1769 |     55 |      0 |   1466 |   2 |  912.0 |
               +--------+--------+--------+--------+--------+-----+--------+

Top non-repeatable levels by time:
     D:2: 1043 daAuts
     D:1: 781 daAuts
